 Dungeon Crawl Stone Soup version 0.29.1-15-g9cfb28693d (webtiles) character file.

Game seed: 4644870336491935731

527 McKennaii the Gusty (level 6, -2/45 HPs)
             Began as a Demigod Air Elementalist on Feb 28, 2023.
             Slain by a gnoll
             ... wielding a +0 spear
             ... led by a gnoll bouda
              (3 damage)
             ... on level 6 of the Dungeon.
             The game lasted 00:05:49 (4058 turns).

McKennaii the Gusty (Demigod Air Elementalist)      Turns: 4058, Time: 00:05:50

Health: -2/45      AC:  4    Str:  9    XL:     6   Next: 71%
Magic:  0/14       EV: 12    Int: 25    God:
Gold:   98         SH:  0    Dex: 14    Spells: 11/12 levels left

rFire   . . .      SeeInvis .   p - +2 flail (protect)
rCold   . . .      Faith    .   (no shield)
rNeg    . . .      Spirit   .   a - +0 robe
rPois   .          Reflect  .   o - +2 hat
rElec   .          Harm     .   n - scarf {repulsion}
rCorr   .          Rampage  .   (no gloves)
Will    .....                   (no boots)
Stlth   ++........              (no amulet)
HPRegen 0.15/turn               (no ring)
MPRegen 0.14/turn               (no ring)

@: repel missiles
A: high MP 1, forlorn, divine attributes
a: no special abilities


You were on level 6 of the Dungeon.
You visited 1 branch of the dungeon, and saw 5 of its levels.

You collected 155 gold pieces.
You spent 57 gold pieces at shops.

Inventory:

Hand Weapons
 p - a +2 flail of protection (weapon)
Missiles
 d - 2 throwing nets
Armour
 a - a +0 robe (worn)
 n - a scarf of repulsion (worn)
 o - a +2 hat (worn)
Wands
 i - a wand of flame (5)
Scrolls
 c - a scroll of brand weapon
 e - a scroll of magic mapping
 g - 4 scrolls of identify
 j - a scroll of blinking {unknown}
 l - 3 scrolls of teleportation {unknown}
Potions
 b - a potion of magic
 f - 3 potions of curing
 h - 4 potions of heal wounds {unknown}
 k - a potion of invisibility {unknown}
 m - a potion of brilliance


   Skills:
 - Level 1.7 Dodging
 - Level 1.7 Stealth
 + Level 3.8 Spellcasting
 - Level 3.0 Conjurations
 * Level 5.4 Air Magic


You had 11 spell levels left.
You knew the following spells:

 Your Spells              Type           Power      Damage    Failure   Level
a - Shock                 Conj/Air       100%       1d9       1%          1

Your spell library contained the following spells:

 Spells                   Type           Power      Damage    Failure   Level
 Static Discharge         Conj/Air       25%        3-7/arc   2%          2
 Swiftness                Air            32%        N/A       3%          3
 Apportation              Tloc           8%         N/A       10%         1
 Airstrike                Air            16%        2d(3-19)  10%         4
 Ensorcelled Hibernation  Hex/Ice        8%         N/A       14%         2
 Spider Form              Tmut/Pois      4%         N/A       28%         3
 Anguish                  Hex/Necr       2%         N/A       67%         4
 Alistair's Intoxication  Tmut/Pois      2%         N/A       95%         5


Dungeon Overview and Level Annotations

Branches:
Dungeon (4/15)
 Temple: D:4-7

Shops:
D:2 *   D:3 :

Annotations:
D:2 1 runed translucent door, Crazy Yiuf


Innate Abilities, Weirdness & Mutations

You have an increased reservoir of magic. (+10% MP)
You shall have no god before yourself.
Your divine heritage dramatically boosts your attributes as you level up.


Message History

The gnoll is moderately wounded.
The gnoll closely misses you.
Unknown command.
Casting: Shock (safe; 1% risk of failure)
Confirm with . or Enter, or press ? or * to list all spells.
Aiming: Shock (safe; 1% risk of failure)
Press: ? - help, Shift-Dir - straight line, f/p - gnoll
Aim: a gnoll, wielding a +0 spear (heavily wounded, covering ground quickly, 77% to hit)
The zap hits the gnoll.
The gnoll is severely wounded.
The zap hits the gnoll.
The gnoll is severely wounded.
The zap hits the shadow imp but does no damage.
The gnoll hits you from afar with a +0 spear.
Unknown command.
Unknown command.
Casting: Shock (safe; 1% risk of failure)
Confirm with . or Enter, or press ? or * to list all spells.
Aiming: Shock (safe; 1% risk of failure)
Press: ? - help, Shift-Dir - straight line, f/p - gnoll
Aim: a gnoll, wielding a +0 spear (severely wounded, covering ground quickly, 77% to hit)
The zap hits the gnoll.
The gnoll is almost dead.
The gnoll hits you from afar with a +0 spear.
The gnoll closely misses you.
Unknown command.
You barely miss the gnoll.
The gnoll is severely wounded.
The gnoll hits you from afar with a +0 spear.
The gnoll hits you with a +0 whip. The shadow imp hits you.
The gnoll hits you from afar with a +0 spear.
* * * LOW HITPOINT WARNING * * *
The gnoll hits you with a +0 whip.
* * * LOW HITPOINT WARNING * * *
It was a potion of curing.
You feel better. The shadow imp gestures at you. Pain shoots through your body!
* * * LOW HITPOINT WARNING * * *
The gnoll hits you from afar with a +0 spear.
You die...

#,* #### #.# #..##
#.## ##...### ##..#
#......### #....
##.)..).).## ##....
#....).)...#####.....
#...g.)......##......
#...@5g..............
#..........#.........
##........###........
##....#### ##......[
#.#### #....... ###
##...... ##....#
######


You could see 2 gnolls and a shadow imp.

Vanquished Creatures
  A phantom (D:6)
  A bullfrog (D:6)
  A gnoll bouda (D:6)
  2 orc priests (D:6)
  A hound (D:6)
  An iguana (D:3)
  Natasha (thrice) (D:2)
  2 gnolls (D:6)
  5 adders
  A worm (D:2)
  4 dart slugs
  15 orcs
  6 endoplasms
  2 giant cockroaches (D:2)
  5 hobgoblins
  3 quokkas
  10 ball pythons
  3 bats
  2 frilled lizards
  9 goblins
  5 kobolds
  5 rats
87 creatures vanquished.

Vanquished Creatures (others)
  10 plants (D:3)
10 creatures vanquished.

Grand Total: 97 creatures vanquished

Notes
Turn   | Place    | Note
-------+----------+-------------------------------------------
     0 | D:1      | McKennaii the Demigod Air Elementalist began the quest for
                  | the Orb.
     0 | D:1      | Reached XP level 1. HP: 14/14 MP: 5/5
   222 | D:1      | Reached skill level 1 in Conjurations
   662 | D:1      | Reached XP level 2. HP: 19/20 MP: 0/7
   919 | D:1      | Reached skill level 3 in Air Magic
  1234 | D:1      | Reached XP level 3. HP: 18/26 MP: 1/9
  1620 | D:2      | Noticed Natasha
  1626 | D:2      | Killed Natasha
  1627 | D:2      | Reached XP level 4. HP: 23/33 MP: 3/10
  1974 | D:2      | Found a runed translucent door.
  1975 | D:2      | Noticed Crazy Yiuf
  2066 | D:2      | Found Toejoyff's Assorted Antiques.
  2073 | D:2      | Noticed Natasha
  2084 | D:2      | Killed Natasha
  2086 | D:2      | Bought an inky potion for 18 gold pieces
  2086 | D:2      | Bought a red potion for 18 gold pieces
  2086 | D:2      | Bought a scroll labelled XEKHLA FOMA for 21 gold pieces
  2416 | D:2      | Noticed Natasha
  2427 | D:2      | Killed Natasha
  2677 | D:3      | Found Marac's Book Emporium.
  2880 | D:3      | Reached XP level 5. HP: 32/38 MP: 2/12
  2991 | D:3      | Reached skill level 4 in Air Magic
  3796 | D:4      | You fall into a shaft and drop 2 floors!
  3848 | D:6      | Reached XP level 6. HP: 40/45 MP: 8/14
  3942 | D:6      | Reached skill level 5 in Air Magic
  4058 | D:6      | HP: 1/45 [shadow imp/nerve-wracking pain (12)]
  4058 | D:6      | Slain by a gnoll

Illustrated notes

Levels and vault maps discovered:
D:1:      amcnicky_arrival_double_pillar, layout_basic, solitary_fountain,
          chequers_serial_rivers_large_b, minmay_vboxes
D:2:      layout_loops_ring, ebering_ecumenical_altar_ruins, serial_shops,
          nicolae_shop_hallway_plus, basic_altar, st_stairs_1,
          uniq_crazy_yiuf_cottage, uniq_natasha
D:3:      corexii_shack_village, layout_basic, nicolae_hepliaklqana_hazy_memory,
          serial_shops, shop
D:4:      layout_loops_cross
D:6:      layout_cave_pods

Skill      XL: |  1  2  3  4  5  6 |
---------------+-------------------+-----
Conjurations   | 1 2 3 |  3.0
Spellcasting   | 2 3 |  3.8
Air Magic      | 3 4 5 |  5.4
Dodging        | |  1.7
Stealth        | |  1.7

Action                   |  1- 3 |  4- 6 || total
-------------------------+-------+-------++-------
Melee: Dagger            |     6 |       ||     6
       Flail             |       |     9 ||     9
 Cast: Shock             |    63 |   162 ||   225
  Use: Scroll            |       |     2 ||     2
       Potion            |       |     1 ||     1
Armor: Robe              |     3 |    10 ||    13
Dodge: Dodged            |    17 |    35 ||    52
       Repelled          |       |     1 ||     1
